 Dungeon Crawl Stone Soup version 0.26-a0-661-g406de6ba63 (webtiles) character file.

Game seed: 2245107878620628495

555 tacoguy the Ruffian (level 7, 0/68 HPs)
             Began as a Troll Monk on Oct 8, 2020.
             Slain by a sky beast (6 damage)
             ... on level 5 of the Dungeon.
             The game lasted 00:07:44 (3656 turns).

tacoguy the Ruffian (Troll Monk)                    Turns: 3656, Time: 00:07:45

Health: 0/68       AC:  2    Str: 22    XL:     7   Next: 8%
Magic:  6/6        EV: 11    Int:  8    God:
Gold:   175        SH:  0    Dex: 12    Spells: 6/6 levels left

rFire    x . .     SeeInvis .     - Unarmed
rCold    + . .     Faith    .   (no shield)
rNeg     . . .     Spirit   .   a - +0 robe
rPois    .         Reflect  .   (helmet restricted)
rElec    .         Harm     .   (no cloak)
rCorr    .         Rampage  .   (gloves unavailable)
MR       .....                  (boots unavailable)
Stlth    ++........             (no amulet)
HPRegen  0.61/turn              n - ring of Lyjo {Ice Int+2}
MPRegen  0.10/turn              (no ring)

@: corroded
A: large, unfitting armour, claws 3, regeneration 1, shaggy fur 1, tough skin 3
a: no special abilities


You were on level 5 of the Dungeon.
You visited 1 branch of the dungeon, and saw 5 of its levels.

You collected 175 gold pieces.

Inventory:

Missiles
 m - 6 curare-tipped darts (quivered)
Armour
 a - a +0 robe (worn)
Jewellery
 n - the ring of Lyjo (left claw) {Ice Int+2}
   (You found it on level 4 of the Dungeon)

   [ring of ice]

   It enhances your ice magic.
   It affects your intelligence (+2).
   It makes you vulnerable to fire.
   It protects you from cold.
 o - a cursed -4 ring of intelligence {unknown}
Scrolls
 b - 3 scrolls of remove curse
 g - a scroll of fog
 h - 4 scrolls of immolation {unknown}
 i - 3 scrolls of teleportation {unknown}
 j - 2 scrolls of identify
 k - a scroll of fear {unknown}
Potions
 c - a potion of cancellation {unknown}
 d - a potion of lignification
 e - a potion of haste
 f - a potion of ambrosia
 l - a potion of mutation {unknown}


   Skills:
 + Level 3.6 Fighting
 + Level 2.4 Armour
 + Level 3.6 Dodging
 - Level 1.0 Stealth
 * Level 5.6 Unarmed Combat


You had 6 spell levels left.
You didn't know any spells.
Your spell library contained the following spells:

 Spells                   Type           Power        Failure   Level
 Foxfire                  Conj/Fire      #...         41%         1
 Conjure Flame            Conj/Fire      #.......     78%         3
 Inner Flame              Hex/Fire       #.......     78%         3
 Sticky Flame             Conj/Fire      #.......     99%         4
 Fireball                 Conj/Fire      #.........   100%        5


Dungeon Overview and Level Annotations

Branches:
Dungeon (5/15)
 Temple: D:4-7

Altars:
Gozag
Nemelex Xobeh
Okawaru
Trog
Wu Jian


Innate Abilities, Weirdness & Mutations

You are too large for most types of armour.
You have claws for hands.
Your natural rate of healing is unusually fast.
You are covered in fur. (AC +1)
You have extremely tough skin. (AC +3)


Message History

Deactivating autopickup; reactivate with Ctrl-A.
Something hits you. Something shocks you. Something hits you.
Something shocks you.
You barely miss something. Something hits you. Something shocks you.
You miss something. Something hits you. Something shocks you.
* * * LOW HITPOINT WARNING * * *
You closely miss something. Something hits you.
* * * LOW HITPOINT WARNING * * *
Something shocks you.
* * * LOW HITPOINT WARNING * * *
You miss something. Something hits you but does no damage. Something hits you.
* * * LOW HITPOINT WARNING * * *
Something shocks you.
* * * LOW HITPOINT WARNING * * *
There is a stone staircase leading up here.
Something hits you.
* * * LOW HITPOINT WARNING * * *
Something shocks you.
You die...

### ## #@# ..
#######{#.###.#
..............#
#######.#.#.###
...>.. .....#.#
..........
..####.#.###
... ...#


There were no monsters in sight!

Vanquished Creatures
  2 ogres (D:4)
  A jelly (D:5)
  A centaur skeleton (D:4)
  2 hounds
  Natasha (twice) (D:4)
  A hound skeleton (D:4)
  7 gnolls
  5 adders
  An adder skeleton (D:4)
  5 worms
  2 dart slugs
  2 leopard geckos
  3 orcs
  3 ball pythons
  9 bats
  2 giant cockroaches
  6 goblins
  5 hobgoblins
  4 jackals (D:4)
  A quokka (D:3)
  A frilled lizard (D:3)
  A jackal skeleton (D:4)
  5 kobolds
  6 rats
  5 bushes (D:1)
82 creatures vanquished.

Notes
Turn   | Place    | Note
-------+----------+-------------------------------------------
     0 | D:1      | tacoguy the Troll Monk began the quest for the Orb.
     0 | D:1      | Reached XP level 1. HP: 22/22 MP: 0/0
   734 | D:1      | Reached XP level 2. HP: 29/29 MP: 1/1
  1222 | D:2      | Found an iron altar of Okawaru.
  1242 | D:2      | Reached XP level 3. HP: 36/36 MP: 2/2
  1356 | D:2      | Reached skill level 1 in Armour
  1360 | D:2      | Reached XP level 4. HP: 40/44 MP: 3/3
  1363 | D:2      | Reached skill level 4 in Unarmed Combat
  1876 | D:3      | Reached XP level 5. HP: 38/53 MP: 4/4
  2061 | D:3      | Found an ornate altar of the Wu Jian Council.
  2261 | D:3      | Found a sparkling altar of Nemelex Xobeh.
  2397 | D:4      | Noticed an ogre
  2408 | D:4      | Killed an ogre
  2408 | D:4      | Reached XP level 6. HP: 25/61 MP: 5/5
  2497 | D:4      | Reached skill level 5 in Unarmed Combat
  2928 | D:4      | Found an opulent altar of Gozag.
  3034 | D:4      | Found a bloodstained altar of Trog.
  3104 | D:4      | Got a sparkling lapis lazuli ring
  3106 | D:4      | Identified the ring of Lyjo {Ice Int+2} (You found it on
                  | level 4 of the Dungeon)
  3132 | D:4      | Noticed Natasha
  3142 | D:4      | Killed Natasha
  3350 | D:4      | Noticed Natasha
  3355 | D:4      | Killed Natasha
  3355 | D:4      | Reached XP level 7. HP: 57/67 MP: 6/6
  3644 | D:5      | Entered Level 5 of the Dungeon
  3656 | D:5      | Slain by a sky beast

Illustrated notes

Levels and vault maps discovered:
D:1:      ncdulo_watergridlock, layout_loops_ring, minmay_hedge_maze
D:2:      layout_loops_cross, nicolae_overflow_crystal_walls
D:3:      layout_rooms, lemuel_doored_altar, lemuel_crystal_altar
D:4:      layout_basic, grunt_gozag_breadcrumbs, trog_three_pillars_becter,
          uniq_natasha
D:5:      layout_basic, minmay_temple_entry_waves, gammafunk_ghost_stat_death

Skill      XL: |  1  2  3  4  5  6 |
---------------+-------------------+-----
Armour         | 1 2 |  2.4
Unarmed Combat | 4 5 |  5.6
Dodging        | 3 |  3.6
Fighting       | 3 |  3.6
Stealth        | |  1.0

Action                   |  1- 3 |  4- 6 |  7- 9 || total
-------------------------+-------+-------+-------++-------
Melee: Unarmed           |   338 |   125 |     7 ||   470
       Punch             |     9 |     1 |       ||    10
  Use: Scroll            |       |     5 |       ||     5
 Stab: Sleeping          |     3 |     2 |       ||     5
Armor: Robe              |    38 |    46 |     1 ||    85
Dodge: Dodged            |    38 |    84 |       ||   122

Table legend: (Time is in decaauts)
 A = Elapsed time spent in this place.
 B = Non-inter-level travel time spent in this place.
 C = Inter-level travel time spent in this place.
 D = Time resting spent in this place.
 E = Time spent auto-exploring this place.
 F = Levels seen in this place.
 G = Mean time per level.
                   A        B        C        D        E       F      G
               +--------+--------+--------+--------+--------+-----+--------+
         Total |   3624 |   3316 |    308 |    640 |   1753 |   5 |  724.8 |
       Dungeon |   3624 |   3316 |    308 |    640 |   1753 |   5 |  724.8 |
               +--------+--------+--------+--------+--------+-----+--------+

Top non-repeatable levels by time:
     D:4: 1258 daAuts
     D:1: 1164 daAuts
     D:2: 666 daAuts
     D:3: 524 daAuts
     D:5: 11 daAuts
